 Dungeon Crawl Stone Soup version 0.28.0-45-g0d030f2227 (console) character file.

Game seed: 4510946749916099301

4192 Cab the Cleaver (level 10, -22/71 HPs)
             Began as a Demonspawn Fighter on Apr 20, 2022.
             Annihilated by a very large slime creature (40 damage)
             ... on level 9 of the Dungeon.
             The game lasted 00:30:38 (6587 turns).

Cab the Cleaver (Demonspawn Fighter)                Turns: 6587, Time: 00:30:39

Health: -22/71     AC: 15    Str: 22    XL:     10   Next: 8%
Magic:  10/10      EV: 10    Int:  9    God:
Gold:   327        SH:  4    Dex: 12    Spells: 9/9 levels left

rFire   . . .      SeeInvis .   a - +0 war axe
rCold   . . .      Faith    .   c - +0 buckler
rNeg    . . .      Spirit   .   z - +4 ring mail "Atiu" {rPois}
rPois   +          Reflect  .   (helmet restricted)
rElec   .          Harm     .   u - +0 cloak
rCorr   .          Rampage  .   y - +2 pair of gloves
Will    .....                   p - +0 pair of boots
Stlth   +.........              i - amulet of regeneration
HPRegen 1.01/turn               v - +4 ring of slaying
MPRegen 0.12/turn               (no ring)

@: no status effects
A: claws 1, horns 1, demonic guardian 2, demonic magic 1, weakness stinger 1
a: no special abilities


You were on level 9 of the Dungeon.
You visited 2 branches of the dungeon, and saw 10 of its levels.

You collected 327 gold pieces.

Inventory:

Hand Weapons
 a - a +0 war axe (weapon)
Armour
 c - a +0 buckler (worn)
 p - a +0 pair of boots (worn)
 u - a +0 cloak (worn)
 y - a +2 pair of gloves (worn)
 z - the +4 ring mail "Atiu" (worn) {rPois}
   (You found it on level 4 of the Dungeon)

   rPois:     It protects you from poison.
Jewellery
 i - an amulet of regeneration (around neck)
 v - a +4 ring of slaying (left hand)
 D - a ring of poison resistance
Wands
 t - a wand of digging (5)
 B - a wand of mindburst (9)
 C - a wand of flame (10)
Scrolls
 f - 6 scrolls of identify {unknown}
 j - a scroll of vulnerability {unknown}
 k - 2 scrolls of noise {unknown}
 l - a scroll of fog {unknown}
 m - 3 scrolls of enchant armour {unknown}
 o - 6 scrolls of enchant weapon {unknown}
 q - a scroll of amnesia {unknown}
 s - 4 scrolls of magic mapping {unknown}
 w - 2 scrolls of teleportation {unknown}
 F - a scroll of holy word {unknown}
Potions
 b - a potion of haste {unknown}
 d - 2 potions of might
 e - 2 potions of mutation {unknown}
 g - 2 potions of degeneration {unknown}
 h - a potion of heal wounds {unknown}
 n - 2 potions of curing {unknown}
 r - 2 potions of flight {unknown}
 x - 4 potions of attraction {unknown}
 A - 2 potions of lignification {unknown}
 E - a potion of brilliance {unknown}


   Skills:
 + Level 4.1 Fighting
 + Level 12.9 Axes
 + Level 3.6 Armour
 - Level 2.7 Shields


You had 9 spell levels left.
You didn't know any spells.
Your spell library contained the following spells:

 Spells                   Type           Power      Damage    Failure   Level
 Magic Dart               Conj           0%         1d3       65%         1
 Ensorcelled Hibernation  Hex/Ice        0%         N/A       78%         2
 Passwall                 Tmut/Erth      0%         N/A       78%         2
 Searing Ray              Conj           0%         2d4       78%         2
 Dazzling Flash           Conj/Hex       0%         N/A       95%         3
 Swiftness                Air            0%         N/A       95%         3
 Fulminant Prism          Conj/Hex       0%         3d6       100%        4
 Summon Ice Beast         Ice/Summ       0%         N/A       100%        4
 Agony                    Necr           0%         N/A       100%        5
 Silence                  Hex/Air        0%         N/A       100%        5
 Summon Mana Viper        Hex/Summ       0%         N/A       100%        5
 Monstrous Menagerie      Summ           0%         N/A       100%        7


Dungeon Overview and Level Annotations

Branches:
Dungeon (9/15)             Temple (1/1) D:6
   Lair: D:8-11         Orc: D:9-12

Altars:
Ashenzari
Cheibriados
Dithmenos
Fedhas
Gozag
Kikubaaqudgha
Makhleb
Nemelex Xobeh
Qazlal
Ru
Sif Muna
Trog
Uskayaw
Vehumet
Wu Jian
Xom
Yredelemnul
Zin
The Shining One


Innate Abilities, Weirdness & Mutations

You have sharp fingernails.
You have a pair of small horns on your head.
A demonic guardian rushes to your aid.
Spells you cast may paralyse adjacent enemies.
You have a small tail.


Message History

3 slime creatures come into view.
The slime creature quivers.
A slime creature merges with something you can't see.
You slash the slime creature!
You tail-slap the slime creature, but do no damage.
The slime creature is moderately wounded.
You block the slime creature's attack.
Two slime creatures merge to form a large slime creature.
You slash the large slime creature!
The large slime creature is lightly wounded.
You slash the large slime creature!
Your tail-slap misses the large slime creature.
The large slime creature is moderately wounded.
The large slime creature hits you!!
A demonic guardian appears!
You slash the large slime creature! You headbutt the large slime creature.
The large slime creature is heavily wounded.
The large slime creature hits you!
You slash the large slime creature! You headbutt the large slime creature!
The large slime creature is heavily wounded.
The large slime creature hits you!!
You hit the large slime creature. You tail-slap the large slime creature.
The large slime creature is severely wounded.
Your hellwing hits the large slime creature!
Your hellwing hits the large slime creature.
The large slime creature barely misses you.
Press: ? - help, v - describe, . - travel
Here: a large slime creature (severely wounded, ally target)
The floor.
You slash the large slime creature!
The large slime creature is almost dead.
Your hellwing hits the large slime creature. x2
Two slime creatures merge to form a very large slime creature.
A slime creature comes into view.
You completely miss the very large slime creature.
The very large slime creature is severely wounded.
Your hellwing barely misses the very large slime creature.
Your hellwing hits the very large slime creature.
The very large slime creature hits you!!!
Ouch! That really hurt!
You die...

∙∙∙∙▒∙∙∙∙∙▒▒∙∙∙∙∙∙∙∙∙∙▒∙▒▒∙∙∙∙∙▒▒
∙∙∙(▒∙∙∙∙∙∙▒∙∙∙∙∙∙∙∙∙∙∙∙▒▒▒∙▒▒▒▒▒
▒▒∙∙▒∙∙∙∙∙∙∙∙∙∙∙∙∙∙∙∙∙▒▒▒ ▒∙▒∙∙∙∙
▒∙∙▒▒▒▒▒▒∙▒▒∙∙%∙∙∙∙∙∙▒ ▒∙▒∙▒▒▒
∙∙∙▒ ▒∙▒▒∙∙∙∙∙∙∙∙∙▒ ▒∙∙∙▒▒▒ ∙∙∙∙▒
▒∙▒▒∙∙∙∙∙∙∙▒∙▒ ▒▒▒▒▒▒∙ ∙∙∙∙▒
▒∙▒▒▒▒▒∙▒▒▒▒∙▒ ▒▒ ▒∙▒ ▒4▒▒▒▒▒▒▒ ▒
∙∙▒ ▒@J∙J∙∙∙∙ ∙ ∙∙▒ ▒▒▒▒J∙▒▒▒ ▒▒
∙∙▒


∙∙∙∙ ∙∙▒ ∙■ ▒▒▒▒▒ ▒ ▒∙∙∙∙ ▒∙∙∙∙ ▒∙∙∙∙ ▒∙∙∙∙ You could see a very large slime
creature (ally target), 2 slime creatures and a friendly hellwing (summoned).

Vanquished Creatures
  A two-headed ogre (D:9)
  A kobold demonologist (D:7)
  Sigmund (D:2)
  A steam dragon (D:6)
  3 water moccasins (D:7)
  An ice beast (D:7)
  An orc warrior (D:6)
  2 sky beasts (D:7)
  A black bear (D:4)
  A centaur (D:8)
  A gnoll sergeant (D:8)
  2 bullfrogs
  A wyvern zombie (D:7)
  5 scorpions
  5 wights (D:6)
  2 howler monkeys (D:8)
  A bullfrog zombie (D:7)
  3 jellies
  A bullfrog skeleton (D:5)
  4 centaur skeletons
  2 gnoll shamans (D:7)
  2 hounds
  2 orc priests
  5 iguanas
  3 orc wizards
  Natasha (D:2)
  A hound zombie (D:5)
  A hound skeleton (D:4)
  Robin (D:2)
  2 howler monkey zombies (D:7)
  13 gnolls
  8 adders
  A shadow imp (D:7)
  A white imp (D:5)
  2 ufetubi
  An adder skeleton (D:4)
  3 worms
  3 dart slugs
  17 orcs
  3 ball pythons
  11 endoplasms
  4 giant cockroaches
  10 hobgoblins
  4 jackals (D:2)
  9 kobolds
  3 quokkas
  2 bats
  3 frilled lizards (D:2)
  18 goblins
  5 rats
179 creatures vanquished.

Vanquished Creatures (collateral kills)
  A steam dragon (D:9)
  A scorpion (D:4)
  A jelly (D:3)
  Natasha (twice) (D:2)
  2 endoplasms (D:3)
  2 goblins (D:2)
  A hobgoblin (D:2)
10 creatures vanquished.

Vanquished Creatures (others)
  7 fungi (D:3)
  7 toadstools (D:3)
14 creatures vanquished.

Grand Total: 203 creatures vanquished

Notes
Turn   | Place    | Note
-------+----------+-------------------------------------------
     0 | D:1      | Cab the Demonspawn Fighter began the quest for the Orb.
     0 | D:1      | Reached XP level 1. HP: 18/18 MP: 1/1
   579 | D:1      | Reached skill level 2 in Axes
   579 | D:1      | Gained mutation: A weak demonic guardian rushes to your
                  | aid. [demonic ancestry]
   579 | D:1      | Reached XP level 2. HP: 24/24 MP: 2/2
   852 | D:2      | Reached skill level 3 in Axes
   852 | D:2      | Gained mutation: A demonic guardian rushes to your aid.
                  | [demonic ancestry]
   852 | D:2      | Reached XP level 3. HP: 29/29 MP: 3/3
  1105 | D:2      | Noticed Natasha
  1110 | D:2      | Discovered your monstrous ancestry.
  1110 | D:2      | Gained mutation: You have sharp fingernails. [demonic
                  | ancestry]
  1110 | D:2      | Reached XP level 4. HP: 35/35 MP: 4/4
  1116 | D:2      | Killed Natasha
  1169 | D:2      | Noticed Robin
  1173 | D:2      | Reached skill level 4 in Axes
  1207 | D:2      | Killed Robin
  1351 | D:2      | Noticed Sigmund
  1363 | D:2      | Killed Sigmund
  1364 | D:2      | Reached skill level 5 in Axes
  1364 | D:2      | Gained mutation: Spells you cast may paralyse adjacent
                  | enemies. [demonic ancestry]
  1364 | D:2      | Reached XP level 5. HP: 41/41 MP: 5/5
  1364 | D:2      | Reached XP level 6. HP: 47/47 MP: 6/6
  1477 | D:2      | Noticed Natasha
  1482 | D:2      | Killed Natasha
  1489 | D:2      | Noticed Natasha
  1689 | D:3      | Reached skill level 6 in Axes
  2436 | D:4      | Reached skill level 7 in Axes
  2436 | D:4      | Reached XP level 7. HP: 32/52 MP: 7/7
  2604 | D:4      | You fall into a shaft and drop 3 floors!
  2614 | D:5      | Entered Level 5 of the Dungeon
  2692 | D:4      | Reached skill level 8 in Axes
  2899 | D:4      | Identified the +4 ring mail "Atiu" {rPois}
  3434 | D:5      | Reached XP level 8. HP: 58/58 MP: 8/8
  3571 | D:2      | Killed Natasha
  4101 | D:5      | Found a sacrificial altar of Ru.
  4507 | D:6      | Found a staircase to the Ecumenical Temple.
  4513 | D:6      | Reached skill level 9 in Axes
  4777 | D:6      | Reached skill level 10 in Axes
  5211 | Temple   | Entered the Ecumenical Temple
  5354 | D:7      | Gained mutation: You have a pair of small horns on your
                  | head. [demonic ancestry]
  5354 | D:7      | Reached XP level 9. HP: 60/64 MP: 9/9
  5385 | D:7      | Found a radiant altar of Vehumet.
  5393 | D:7      | Found a shimmering altar of Xom.
  5393 | D:7      | Found a bloodstained altar of Trog.
  5408 | D:7      | Found an ornate altar of the Wu Jian Council.
  5446 | D:7      | Reached skill level 11 in Axes
  5469 | D:7      | Noticed a kobold demonologist
  5479 | D:7      | Killed a kobold demonologist
  5562 | D:7      | Found an opulent altar of Gozag.
  5625 | D:7      | Reached skill level 12 in Axes
  5939 | D:8      | Found a sparkling altar of Nemelex Xobeh.
  5966 | D:8      | Found a stormy altar of Qazlal.
  6056 | D:8      | Found an ancient bone altar of Kikubaaqudgha.
  6194 | D:9      | Noticed a two-headed ogre
  6204 | D:9      | Killed a two-headed ogre
  6205 | D:9      | Gained mutation: You have a small tail. [demonic ancestry]
  6205 | D:9      | Reached XP level 10. HP: 24/71 MP: 10/10
  6587 | D:9      | Annihilated by a very large slime creature

Illustrated notes

Levels and vault maps discovered:
D:1:      dpeg_arrival_central, layout_loops_ring,
          nicolae_concentric_dashed_squares_mild
D:2:      layout_rooms, minivault_25, minmay_goblin_outpost, uniq_sigmund,
          uniq_robin, uniq_natasha
D:3:      cheibrodos_fertilizer, layout_basic, minmay_vboxes
D:4:      layout_gridville, minmay_misc_feat_doors
D:5:      layout_layer_cave, nicolae_ru_sacrificial_ziggurat,
          chequers_big_river, nicolae_fountain_basement
D:6:      layout_loops_ring, temple_statues, chequers_ossuary_entry_cave
D:7:      layout_rooms, nicolae_gozag_cash_rules_everything_around_me,
          nicolae_overflow_quartered_altars, minmay_statues_item, minivault_26,
          minmay_bent
D:8:      layout_gridville, nemelex_xobeh_ov_fountains_minmay,
          nicolae_overflow_hidden_temple, nicolae_qazlal_general_emergency
D:9:      layout_basic, amcnicky_altar_gilded
Temple:   zaba_magenta_temple

Skill      XL: |  1  2  3  4  5  6  7  8  9 |
---------------+----------------------------+-----
Axes           | 2 3 5 7 8 10 12 | 12.9
Armour         | 3 |  3.6
Fighting       | 4 |  4.1
Shields        | |  2.7

Action                   |  1- 3 |  4- 6 |  7- 9 | 10-12 || total
-------------------------+-------+-------+-------+-------++-------
Melee: War axe           |    74 |   191 |   306 |    15 ||   586
       Headbutt          |       |       |    22 |     4 ||    26
       Tailslap          |       |       |       |     2 ||     2
Armor: Scale mail        |     6 |       |       |       ||     6
       Ice dragon scales |    39 |   121 |    35 |       ||   195
       Ring mail         |       |       |   120 |     3 ||   123
Dodge: Dodged            |    33 |    83 |   126 |     4 ||   246
Block: Buckler           |    17 |    26 |    73 |     3 ||   119
